[Event "Titled Tuesday Blitz December 27 Late 2022"]
[White "Tworuszka, Michal"]
[Black "Sukandar, Irine Kharisma"]
[WhiteFideId "1117858"]
[BlackFideId "7101937"]
[WhiteElo "2260"]
[BlackElo "2390"]
[Result "0-1"]
[Round "02"]
[TimeControl "180+2"]
[Date "2022.12.27"]
[WhiteClock "0:00:01"]
[BlackClock "0:00:51"]

1. d4 Nf6 2. c4 c5 3. d5 b5 4. cxb5 a6 5. e3 g6 6. Nc3 Bg7 7. a4 O-O 8. Nf3 Bb7 9. e4 d6 10. Ra3 Nbd7 11. Bd2 Qc7 12. bxa6 Bxa6 13. Bxa6 Rxa6 14. O-O Rb8 15. Qc2 Ng4 16. Nb5 Qb7 17. Bc3 Nge5 18. Nxe5 Bxe5 19. f4 Bxc3 20. Qxc3 Rba8 21. Rfa1 Nb6 22. b3 c4 23. a5 cxb3 24. Qxb3 Nd7 25. Kh1 Nc5 26. Qc4 Nxe4 27. Qxe4 Qxb5 28. h3 Rxa5 29. Rxa5 Rxa5 30. Rxa5 Qxa5 31. Qxe7 Qxd5 32. Qd8+ Kg7 33. Kh2 Qd4 34. g3 Qf2+ 35. Kh1 Qxg3 36. Qxd6 Qxh3+ 37. Kg1 Qg4+ 38. Kh2 h5 39. Qe5+ Kh7 40. Qf6 Qe6 41. Qg5 Kg7 42. Qd8 Qe2+ 0-1


[Site "https://www.chess.com"]

[Event "Titled Tuesday Blitz December 27 Late 2022"]
[White "Urbina Perez, Juan Antonio"]
[Black "Rian, Kapriaga"]
[WhiteFideId "2217368"]
[BlackFideId "7103263"]
[WhiteElo "2266"]
[BlackElo "2089"]
[Result "1-0"]
[Round "02"]
[TimeControl "180+2"]
[Date "2022.12.27"]
[WhiteClock "0:00:04"]
[BlackClock "0:00:01"]

1. e4 c6 2. d4 d5 3. exd5 cxd5 4. Bd3 Nc6 5. c3 Qc7 6. Ne2 e5 7. dxe5 Nxe5 8. O-O Nf6 9. Nd4 Nxd3 10. Qxd3 Be7 11. h3 O-O 12. Nd2 Bd7 13. Re1 Rfe8 14. N2f3 Bd6 15. Be3 a6 16. Rad1 Rad8 17. Bg5 Be7 18. Nf5 Bxf5 19. Qxf5 Qb6 20. Rd2 Ne4 21. Bxe7 Nxd2 22. Nxd2 Qxb2 23. Nf3 Rc8 24. Bb4 Qxa2 25. Rxe8+ Rxe8 26. Qd7 Ra8 27. Qxb7 Re8 28. Qd7 Qb1+ 29. Kh2 Qe4 30. Bd6 h6 31. Bg3 a5 32. Nd4 a4 33. Qxa4 f5 34. Bd6 f4 35. Qd7 1-0


[Site "https://www.chess.com"]

[Event "Titled Tuesday Blitz December 27 Late 2022"]
[White "Vargas, Mauricio"]
[Black "Bogaudinov, Rushan"]
[WhiteFideId "4404572"]
[BlackFideId "4129288"]
[WhiteElo "2035"]
[BlackElo "1939"]
[Result "0-1"]
[Round "02"]
[TimeControl "180+2"]
[Date "2022.12.27"]
[WhiteClock "0:00:31"]
[BlackClock "0:01:36"]

1. e4 c5 2. Nc3 Nc6 3. f4 e6 4. Nf3 d5 5. e5 a6 6. d3 b5 7. g3 Be7 8. Bg2 h5 9. h3 Nh6 10. O-O Nf5 11. Kh2 Bb7 12. Ne2 d4 13. a3 Qc7 14. Bd2 O-O-O 15. Qe1 g5 16. b4 h4 17. g4 Ne3 18. Bxe3 dxe3 19. Nc3 gxf4 20. bxc5 Bxc5 21. Ne4 Nxe5 22. Nxc5 Qxc5 23. d4 Nxf3+ 24. Bxf3 Rxd4 25. Bxb7+ Kxb7 26. Qe2 Rd2 27. Qxd2 exd2 28. Rxf4 Qe5 29. Rf1 d1=Q 30. Rxd1 Qxf4+ 31. Kg1 Qg3+ 32. Kf1 Qxh3+ 33. Ke2 Qxg4+ 34. Kd2 Qxd1+ 35. Kxd1 h3 36. Ke1 h2 37. Kf2 h1=Q 38. Ke3 Qd5 39. Kf4 Rh4+ 0-1


[Site "https://www.chess.com"]

[Event "Titled Tuesday Blitz December 27 Late 2022"]
[White "Vasquez Schroeder, Rodrigo"]
[Black "Toniutti, Ezio"]
[WhiteFideId "3400042"]
[BlackFideId "113034"]
[WhiteElo "2524"]
[BlackElo "2224"]
[Result "1-0"]
[Round "02"]
[TimeControl "180+2"]
[Date "2022.12.27"]
[WhiteClock "0:01:26"]
[BlackClock "0:00:09"]

1. e4 e5 2. Nf3 Nc6 3. Bb5 a6 4. Ba4 d6 5. O-O Bg4 6. h3 h5 7. Bxc6+ bxc6 8. d3 Qf6 9. Be3 Bxf3 10. Qxf3 Qxf3 11. gxf3 Ne7 12. f4 exf4 13. Bxf4 Rb8 14. b3 g5 15. Bd2 Bg7 16. Bc3 Rg8 17. Kh2 f5 18. Rg1 g4 19. Re1 Kd7 20. Bxg7 Rxg7 21. Nd2 f4 22. hxg4 hxg4 23. Rh1 Ng6 24. Kg2 f3+ 25. Kf1 Ne5 26. Ke1 Rf8 27. Nf1 c5 28. Ng3 Rff7 29. Kd2 Rh7 30. c3 Rh3 31. d4 Ng6 32. Rxh3 gxh3 33. Rh1 Nf4 34. Nf5 cxd4 35. cxd4 d5 36. Ke3 Ng2+ 37. Kxf3 dxe4+ 38. Kxe4 Ke6 39. d5+ Kf6 40. Rxh3 Ne1 41. Ne3 Re7+ 42. Kd4 Kg5 43. Kc3 Kf4 44. Rg3 Nf3 45. Ng2+ Ke4 46. Ne3 Kf4 47. Rg4+ Ke5 48. Kd3 Kd6 49. Rf4 Ne5+ 50. Kd4 Nd7 51. Nf5# 1-0


[Site "https://www.chess.com"]

[Event "Titled Tuesday Blitz December 27 Late 2022"]
[White "Vega Gutierrez, Sabrina"]
[Black "Myers, Dominique"]
[WhiteFideId "2219026"]
[BlackFideId "2041715"]
[WhiteElo "2377"]
[BlackElo "2042"]
[Result "0-1"]
[Round "02"]
[TimeControl "180+2"]
[Date "2022.12.27"]
[WhiteClock "0:00:02"]
[BlackClock "0:01:32"]

1. e4 e5 2. Nf3 Nc6 3. Nc3 Nf6 4. g3 Bc5 5. Bg2 d6 6. d3 Bg4 7. h3 Be6 8. O-O h6 9. Na4 Qd7 10. c3 Bb6 11. Kh2 O-O-O 12. b4 g5 13. Ne1 g4 14. h4 Nh5 15. Nxb6+ axb6 16. a4 f5 17. exf5 Bxf5 18. a5 bxa5 19. b5 Nb8 20. Rxa5 b6 21. Ra7 Qxb5 22. c4 Qe8 23. Be3 Nc6 24. Ra8+ Kb7 25. Rxd8 Qxd8 26. Nc2 Re8 27. Nb4 e4 28. Nxc6 Kxc6 29. dxe4 Be6 30. e5+ Kd7 31. exd6 cxd6 32. Qa4+ Ke7 33. Qb5 Nf6 34. Bxh6 Nd7 35. Bg5+ Nf6 36. Re1 Kf7 37. Rxe6 Kxe6 38. Bd5+ Ke7 39. Qb2 Rf8 40. Qe2+ Kd7 41. Qe6+ Kc7 42. Qe2 Qe8 43. Qb2 Nxd5 44. cxd5 Qe1 45. Qc2+ Kb8 46. Be3 Re8 0-1


[Site "https://www.chess.com"]

[Event "Titled Tuesday Blitz December 27 Late 2022"]
[White "Vetoshko, Volodymyr"]
[Black "Arnold, Ken"]
[WhiteFideId "14122480"]
[BlackFideId "2056836"]
[WhiteElo "2502"]
[BlackElo "2355"]
[Result "1/2-1/2"]
[Round "02"]
[TimeControl "180+2"]
[Date "2022.12.27"]
[WhiteClock "0:00:06"]
[BlackClock "0:01:17"]

1. e4 c6 2. d4 d5 3. exd5 cxd5 4. Bd3 Nc6 5. c3 Nf6 6. h3 e5 7. dxe5 Nxe5 8. Nf3 Nxd3+ 9. Qxd3 Be7 10. O-O O-O 11. Be3 g6 12. Bd4 Bf5 13. Qd2 Ne4 14. Qh6 Bf6 15. Nbd2 Bxd4 16. Nxd4 Nxd2 17. Qxd2 Bd7 18. Rfe1 Qf6 19. Re3 Rfe8 20. Rae1 Bc6 21. Rxe8+ Rxe8 22. Rxe8+ Bxe8 23. Qe3 Bd7 24. a3 a6 25. Qg3 Bc6 26. Qc7 Qg5 27. f4 Qg3 28. Qb8+ Kg7 29. Qe5+ Kg8 30. Qb8+ Kg7 31. Qe5+ Kg8 32. Qb8+ 1/2-1/2


[Site "https://www.chess.com"]

[Event "Titled Tuesday Blitz December 27 Late 2022"]
[White "Vlassov, Nikolai"]
[Black "Bok, Benjamin"]
[WhiteFideId "4103360"]
[BlackFideId "1017063"]
[WhiteElo "2283"]
[BlackElo "2607"]
[Result "1/2-1/2"]
[Round "02"]
[TimeControl "180+2"]
[Date "2022.12.27"]
[WhiteClock "0:00:25"]
[BlackClock "0:00:15"]

1. e4 c5 2. c3 Nf6 3. e5 Nd5 4. d4 cxd4 5. cxd4 d6 6. Bc4 Nb6 7. Bb3 dxe5 8. Qh5 e6 9. dxe5 Nc6 10. Nc3 g6 11. Qg5 Qxg5 12. Bxg5 Bg7 13. f4 h6 14. Bf6 Bxf6 15. exf6 e5 16. fxe5 Nxe5 17. O-O-O O-O 18. Nf3 Nxf3 19. gxf3 Bf5 20. Rd6 Rfd8 21. Rhd1 Rxd6 22. Rxd6 g5 23. Kd2 Re8 24. a4 Be6 25. Bxe6 Rxe6 26. Rxe6 fxe6 27. Kd3 Kf7 28. a5 Nd7 29. Nb5 Kxf6 30. Nxa7 Ke5 31. b4 Kd5 32. Ke3 Kc4 33. b5 Kb4 34. a6 bxa6 35. bxa6 Ka5 36. Nc6+ Kxa6 37. Nd8 Kb5 38. Nxe6 Kc6 39. Nd8+ Kd5 40. Nf7 Ke6 41. Nxh6 Nf6 42. Ng4 Nd5+ 43. Ke4 Nc3+ 44. Kd4 Nb5+ 45. Ke3 Kf5 46. Nf2 Nc3 47. Ne4 Nd5+ 48. Kf2 Nf4 49. Ng3+ Ke5 50. Ne2 Nxe2 51. Kxe2 Kf4 52. Kf2 g4 53. fxg4 Kxg4 54. h3+ Kh5 55. Kg3 Kh6 56. Kg4 Kh7 57. Kh5 Kh8 58. Kh6 Kg8 59. Kg6 Kh8 60. Kh6 Kg8 61. Kg6 Kh8 62. Kh6 1/2-1/2


[Site "https://www.chess.com"]

[Event "Titled Tuesday Blitz December 27 Late 2022"]
[White "Weisz, Bryan"]
[Black "Sztokbant, Bernardo Vainzoff"]
[WhiteFideId "30934133"]
[BlackFideId "2115956"]
[WhiteElo "1973"]
[BlackElo "2213"]
[Result "0-1"]
[Round "02"]
[TimeControl "180+2"]
[Date "2022.12.27"]
[WhiteClock "0:00:09"]
[BlackClock "0:01:11"]

1. h3 c5 2. e3 d5 3. d4 Nc6 4. a3 Nf6 5. Nf3 cxd4 6. exd4 Bf5 7. Bd3 Bxd3 8. Qxd3 e6 9. Bf4 Bd6 10. Bxd6 Qxd6 11. O-O O-O 12. Nbd2 Rac8 13. Rfe1 Ne7 14. Nf1 Nf5 15. g4 Ne7 16. Ng3 Ng6 17. Ne5 Nf4 18. Qd2 Ng6 19. f4 b5 20. f5 Ne7 21. g5 Ne4 22. Nxe4 dxe4 23. f6 Nf5 24. fxg7 Rfd8 25. Rxe4 Nxd4 26. Qf4 Nf5 27. c3 Qd2 28. Rf1 Qxf4 29. Rexf4 Rd2 30. R1f2 Rcd8 31. Rxd2 Rxd2 32. Rf2 Rd5 33. Nc6 Rd7 34. Rf4 Kxg7 35. Rb4 a6 36. Nb8 Rd6 37. c4 bxc4 38. Rxc4 Rd1+ 39. Kf2 Rd2+ 40. Kf3 Rxb2 41. Nxa6 Rb3+ 42. Kg2 Ne3+ 43. Kf2 Nxc4 0-1


[Site "https://www.chess.com"]

[Event "Titled Tuesday Blitz December 27 Late 2022"]
[White "Wieczorek, Zbigniew"]
[Black "Ladan, Nicholas"]
[WhiteFideId "1102001"]
[BlackFideId "30918855"]
[WhiteElo "2150"]
[BlackElo "2228"]
[Result "1-0"]
[Round "02"]
[TimeControl "180+2"]
[Date "2022.12.27"]
[WhiteClock "0:00:10"]
[BlackClock "0:00:09"]

1. Nf3 d5 2. g3 g6 3. Bg2 Bg7 4. c4 c6 5. O-O e5 6. cxd5 cxd5 7. d3 Ne7 8. Nc3 O-O 9. Bd2 Nbc6 10. Rc1 h6 11. a3 Be6 12. Na4 e4 13. Ne1 Bf5 14. Bc3 d4 15. Bb4 Nxb4 16. dxe4 Na2 17. exf5 Nxc1 18. fxg6 Rc8 19. gxf7+ Rxf7 20. Bxb7 Rc7 21. Be4 Qb8 22. Bc2 d3 23. Nxd3 Nxd3 24. Qxd3 Nc6 25. Bb3 Ne5 26. Bxf7+ Rxf7 27. Qd5 Qe8 28. Nc5 Kh8 29. Ne4 Qd7 30. Rd1 Qxd5 31. Rxd5 Rb7 32. b4 Nc4 33. Rd8+ Kh7 34. Nd6 Nxd6 35. Rxd6 Bb2 36. Ra6 Bc3 37. e3 Kg7 38. Kg2 h5 39. f4 Bd2 40. e4 Be3 41. Kf3 Bb6 42. e5 Rc7 43. Ke4 Kf7 44. f5 Rc4+ 45. Kd5 Rd4+ 46. Kc6 Re4 47. e6+ Kf6 48. Kd7 Rd4+ 49. Ke8 Kxf5 50. e7 Kf6 51. a4 Re4 52. a5 Rxe7+ 53. Kf8 Rf7+ 54. Kg8 Rg7+ 55. Kh8 Rb7 56. axb6 axb6 57. b5 Kg6 58. Ra8 Rc7 59. Rg8+ Kh6 60. Rb8 Kg5 61. Rxb6 Kg4 62. Rg6+ Kh3 63. Rh6 Rc5 64. b6 Rb5 65. Kg7 Kg4 66. Kf7 Rb2 67. Ke7 Rxh2 68. Kd7 Rb2 69. Kc7 Rb5 70. b7 Kxg3 71. Rb6 Rxb6 72. Kxb6 h4 73. b8=Q+ Kg2 74. Qg8+ Kf3 75. Qf7+ Kg3 76. Qg6+ Kf3 77. Qf6+ Kg3 78. Qg5+ Kf3 79. Qxh4 Kg2 80. Qe4+ Kf1 81. Qc2 Kg1 82. Kc5 Kf1 83. Kd4 Ke1 84. Ke3 Kf1 85. Qf2# 1-0


[Site "https://www.chess.com"]

[Event "Titled Tuesday Blitz December 27 Late 2022"]
[White "Xiong, Jeffery"]
[Black "Martinez Ramirez, Lennis"]
[WhiteFideId "2047640"]
[BlackFideId "3509079"]
[WhiteElo "2692"]
[BlackElo "2426"]
[Result "1-0"]
[Round "02"]
[TimeControl "180+2"]
[Date "2022.12.27"]
[WhiteClock "0:00:08"]
[BlackClock "0:00:01"]

1. e4 c5 2. Nf3 d6 3. Nc3 a6 4. d4 cxd4 5. Qxd4 Nc6 6. Qd3 g6 7. Bg5 Bg7 8. Be2 Bg4 9. Nd5 h6 10. Bh4 g5 11. Bg3 Bxf3 12. Bxf3 e6 13. Ne3 Ne5 14. Bxe5 Bxe5 15. Nc4 b5 16. Nxe5 dxe5 17. O-O-O Qxd3 18. Rxd3 Ne7 19. Bh5 O-O 20. Rhd1 Nc6 21. Rd7 b4 22. R1d6 Rac8 23. Kd2 Nd4 24. c3 Nb5 25. Rxa6 bxc3+ 26. bxc3 Nxc3 27. Ke3 Nb5 28. a4 Nd4 29. Kd3 Rb8 30. Raa7 Rb3+ 31. Kc4 Rc8+ 32. Rdc7 Rxc7+ 33. Rxc7 Rb2 34. Rxf7 Rc2+ 35. Kb4 Rb2+ 36. Kc5 Ra2 37. Kd6 1-0


[Site "https://www.chess.com"]

[Event "Titled Tuesday Blitz December 27 Late 2022"]
[White "Yuan, Qingyu"]
[Black "Kretchetov, Alexandre"]
[WhiteFideId "8609772"]
[BlackFideId "4124588"]
[WhiteElo "2373"]
[BlackElo "2195"]
[Result "1-0"]
[Round "02"]
[TimeControl "180+2"]
[Date "2022.12.27"]
[WhiteClock "0:00:09"]
[BlackClock "0:00:29"]

1. e4 e5 2. Nf3 Nc6 3. Bb5 g6 4. d4 exd4 5. Bg5 Be7 6. Bxe7 Qxe7 7. O-O Qc5 8. Bxc6 dxc6 9. Qxd4 Qxd4 10. Nxd4 Bd7 11. Nc3 f6 12. f4 O-O-O 13. Rad1 Nh6 14. h3 Nf7 15. Rfe1 Rhe8 16. Kf2 a6 17. Rd3 Re7 18. Nf3 Be6 19. Rxd8+ Kxd8 20. Rd1+ Ke8 21. Re1 Bc8 22. Nb1 f5 23. Nbd2 c5 24. c3 b6 25. exf5 Bxf5 26. a3 a5 27. Rxe7+ Kxe7 28. g4 Bd7 29. Ke3 Bc6 30. Ne4 Nd6 31. Ned2 Nf7 32. Nc4 Bd5 33. Nce5 Nxe5 34. Nxe5 Kf6 35. Nf3 h6 36. Kf2 Be4 37. Ke3 Bd5 38. Ne5 Be6 39. Kf3 Bd5+ 40. Kg3 Be6 41. Nd3 Bc4 42. Nf2 Bd5 43. Kh4 b5 44. Nd3 c4 45. Ne5 c6 46. Kg3 Be4 47. Nf3 Bd5 48. Nd4 Be4 49. Kf2 Bd5 50. Ne2 Be4 51. Ng3 Bd5 52. Ke3 Bg2 53. h4 Bd5 54. Kd4 Bf3 55. g5+ hxg5 56. hxg5+ Ke6 57. Kc5 a4 58. Kd4 Bg2 59. Ke3 Bd5 60. f5+ gxf5 61. Kf4 c5 62. Nxf5 b4 63. Ne3 Bc6 64. Nxc4 Kd5 65. Ne3+ Ke6 66. cxb4 cxb4 67. axb4 Kd6 68. Kf5 Be8 69. g6 Kc6 70. Kf6 Bxg6 71. Kxg6 Kb5 72. Nc2 Kc4 73. Kf7 Kb3 74. b5 Kxc2 75. b6 Kxb2 76. b7 a3 77. b8=Q+ Ka1 78. Qe5+ Kb1 79. Qe1+ Kb2 80. Qd2+ Ka1 81. Qc1+ Ka2 82. Ke6 Kb3 83. Qb1+ Ka4 84. Qa2 1-0


[Site "https://www.chess.com"]

[Event "Titled Tuesday Blitz December 27 Late 2022"]
[White "Yurasova, Daria"]
[Black "Li, Hui"]
[WhiteFideId "34146919"]
[BlackFideId "15400310"]
[WhiteElo "2095"]
[BlackElo "1963"]
[Result "0-1"]
[Round "02"]
[TimeControl "180+2"]
[Date "2022.12.27"]
[WhiteClock "0:00:36"]
[BlackClock "0:00:11"]

1. d4 Nf6 2. Bg5 Ne4 3. Bf4 d5 4. e3 e6 5. Nd2 Nxd2 6. Qxd2 Bd6 7. Bg3 c5 8. c3 Nc6 9. Nf3 O-O 10. Bd3 Qe7 11. O-O Bxg3 12. hxg3 e5 13. dxe5 Nxe5 14. Nxe5 Qxe5 15. Be2 Be6 16. Rad1 Rfd8 17. Bf3 Rac8 18. Rfe1 Qc7 19. Qc2 Qb6 20. Rd2 d4 21. b3 dxe3 22. Rxe3 Rxd2 23. Qxd2 Rd8 24. Rd3 Rxd3 25. Qxd3 g6 26. Qe4 Qa5 27. Qc2 b6 28. Qb2 Qb5 29. Be2 Qd7 30. c4 h5 31. Kh2 Qd6 32. Qc3 h4 33. Qe3 hxg3+ 34. Qxg3 Qxg3+ 35. Kxg3 Kg7 36. Kf4 Kf6 37. a3 g5+ 38. Ke3 Ke5 39. f3 f5 40. g3 f4+ 41. gxf4+ gxf4+ 42. Kd2 Kd4 43. Bd3 Bh3 44. Be4 Bf1 45. Bd5 Bd3 46. Be6 Bb1 47. Kc1 Bg6 48. Kd2 Be8 49. b4 Bg6 50. bxc5 bxc5 51. Ke2 Bd3+ 52. Kf2 Bxc4 53. Bf5 Bd5 54. Bc2 c4 55. Ke2 c3 56. Kf2 Bc4 57. Bd1 Bd3 58. Bb3 c2 59. Bxc2 Bxc2 60. Ke2 Bd3+ 61. Kd2 Bf5 62. a4 a5 63. Ke2 Bd7 64. Kf2 Bxa4 65. Ke2 Bc6 0-1


[Site "https://www.chess.com"]

[Event "Titled Tuesday Blitz December 27 Late 2022"]
[White "gshwbedhkhd"]
[Black "Yanchenko, Roman"]
[BlackFideId "4137329"]
[WhiteElo "2538"]
[BlackElo "2466"]
[Result "0-1"]
[Round "02"]
[TimeControl "180+2"]
[Date "2022.12.27"]
[WhiteClock "0:00:05"]
[BlackClock "0:01:16"]

1. e4 e6 2. d4 d5 3. Bd3 c5 4. exd5 exd5 5. Nf3 c4 6. Be2 Bd6 7. O-O Ne7 8. b3 cxb3 9. axb3 O-O 10. c4 Nbc6 11. Nc3 Bf5 12. Bg5 f6 13. Bh4 a6 14. Bd3 Qd7 15. Na4 Rad8 16. c5 Bc7 17. Bg3 Be4 18. Bc2 Nf5 19. Bxc7 Qxc7 20. Nb6 Bxf3 21. Qxf3 Nfxd4 22. Qd3 Nxc2 23. Qxc2 Nd4 24. Qd3 Qxc5 25. Na4 Qb4 26. Rfd1 Nc6 27. Rac1 d4 28. Nc5 Ne5 29. Qh3 Rc8 30. Qe6+ Kh8 31. Ne4 Rxc1 32. Rxc1 d3 33. Nd6 d2 34. Rd1 h6 35. Nf5 Qg4 36. Rxd2 Nf3+ 37. Kh1 Nxd2 0-1


[Site "https://www.chess.com"]

[Event "Titled Tuesday Blitz December 27 Late 2022"]
[White "Aguilar, Juan"]
[Black "Dylag, Emilia"]
[WhiteFideId "3800091"]
[BlackFideId "21805172"]
[WhiteElo "2254"]
[BlackElo "2095"]
[Result "1-0"]
[Round "03"]
[TimeControl "180+2"]
[Date "2022.12.27"]
[WhiteClock "0:02:18"]
[BlackClock "0:02:05"]

1. g3 Nf6 2. Bg2 e6 3. d3 d5 4. Nf3 Bd6 5. O-O O-O 6. Nbd2 c5 7. e4 Nc6 8. Re1 Qc7 9. Qe2 dxe4 10. dxe4 Ne5 11. Nxe5 Bxe5 12. Nc4 b5 13. Nxe5 Qxe5 14. c3 Bb7 15. Bf4 Qh5 16. Qxb5 Rab8 17. Bxb8 Rxb8 18. Rad1 Ng4 19. h3 Ne5 20. Qxb7 1-0


[Site "https://www.chess.com"]

[Event "Titled Tuesday Blitz December 27 Late 2022"]
[White "Albertini, Luca"]
[Black "Phillips, Rene"]
[WhiteFideId "847038"]
[BlackFideId "2056275"]
[WhiteElo "2084"]
[BlackElo "1852"]
[Result "1-0"]
[Round "03"]
[TimeControl "180+2"]
[Date "2022.12.27"]
[WhiteClock "0:01:48"]
[BlackClock "0:00:47"]

1. e4 Nc6 2. Nf3 d5 3. exd5 Qxd5 4. Nc3 Qa5 5. Bc4 Bg4 6. h3 Bxf3 7. Qxf3 Qe5+ 8. Qe3 e6 9. O-O Qxe3 10. fxe3 O-O-O 11. d4 Nf6 12. Bd3 Nb4 13. a3 Nxd3 14. cxd3 Be7 15. Ne4 Nxe4 16. dxe4 f6 17. Bd2 c6 18. Bc3 Kb8 19. Rad1 Rd7 20. g4 h6 21. Kg2 Rhd8 22. Kg3 Bd6+ 23. Kg2 Bc7 24. h4 e5 25. Rde1 Re8 26. Kf3 Rde7 27. d5 Rd7 28. dxc6 bxc6 29. g5 hxg5 30. hxg5 Bd8 31. Kg4 Rh8 32. Kf5 Rh5 33. Rg1 Kc8 34. Kg6 Rxg5+ 35. Rxg5 fxg5 36. Bxe5 Re7 37. Kf5 Rd7 38. Rc1 Rd3 39. Rxc6+ 1-0


[Site "https://www.chess.com"]

[Event "Titled Tuesday Blitz December 27 Late 2022"]
[White "Alekseenko, Kirill"]
[Black "Beerdsen, Thomas"]
[WhiteFideId "4135539"]
[BlackFideId "1030108"]
[WhiteElo "2686"]
[BlackElo "2507"]
[Result "0-1"]
[Round "03"]
[TimeControl "180+2"]
[Date "2022.12.27"]
[WhiteClock "0:01:07"]
[BlackClock "0:01:25"]

1. e4 e5 2. Nf3 Nc6 3. Bb5 f5 4. d3 fxe4 5. dxe4 Nf6 6. Nc3 Bb4 7. Qd3 d6 8. O-O Bxc3 9. Qxc3 O-O 10. Ng5 Kh8 11. Bxc6 bxc6 12. Qxc6 Rb8 13. Qc4 Qe7 14. Be3 Ng4 15. Nf3 Be6 16. Qc3 Rxf3 17. gxf3 Qh4 18. Rfd1 Nxh2 19. Qxc7 Nxf3+ 20. Kf1 Rc8 21. Qb7 Rxc2 22. Qa8+ Rc8 23. Qb7 Bc4+ 0-1


[Site "https://www.chess.com"]

[Event "Titled Tuesday Blitz December 27 Late 2022"]
[White "Andreev, Eduard"]
[Black "Ai, Evan"]
[WhiteFideId "14103400"]
[BlackFideId "2094770"]
[WhiteElo "2413"]
[BlackElo "2055"]
[Result "1-0"]
[Round "03"]
[TimeControl "180+2"]
[Date "2022.12.27"]
[WhiteClock "0:00:12"]
[BlackClock "0:00:11"]

1. Nf3 Nf6 2. g3 d5 3. Bg2 Bg4 4. O-O Nbd7 5. d4 c6 6. b3 e6 7. c4 Be7 8. Bb2 b5 9. Nbd2 bxc4 10. bxc4 Rb8 11. Qc1 O-O 12. Ba3 Bxa3 13. Qxa3 Qc7 14. Rfc1 Nb6 15. cxd5 exd5 16. Ne5 Bd7 17. Rc3 Rfe8 18. Rac1 Rxe5 19. dxe5 Qxe5 20. e3 h5 21. Qxa7 Nc8 22. Qd4 Qe7 23. Nb3 Rb4 24. Qd2 Nd6 25. Rc5 Ra4 26. Qb2 Nc4 27. Qc2 Ra3 28. e4 Be6 29. Rxc6 Ne5 30. exd5 Nxc6 31. dxc6 Qc7 32. Qb2 Ra6 33. Nd4 Bd5 34. Bxd5 Nxd5 35. Nb5 Qc8 36. c7 Rb6 37. a4 Nxc7 38. Qc2 Qf5 39. Qxf5 1-0


[Site "https://www.chess.com"]

[Event "Titled Tuesday Blitz December 27 Late 2022"]
[White "Andrews, Todd"]
[Black "Jimenez Fernandez, Rebeca"]
[WhiteFideId "2012456"]
[BlackFideId "32070934"]
[WhiteElo "2220"]
[BlackElo "2069"]
[Result "1-0"]
[Round "03"]
[TimeControl "180+2"]
[Date "2022.12.27"]
[WhiteClock "0:02:24"]
[BlackClock "0:02:00"]

1. e4 c5 2. Nf3 Nc6 3. d3 g6 4. g3 Bg7 5. Bg2 e6 6. O-O Rb8 7. a4 Nge7 8. Re1 O-O 9. c3 d5 10. e5 a6 11. d4 b5 12. axb5 axb5 13. Bf4 Qb6 14. Qd2 Nf5 15. g4 Nfe7 16. Bh6 Bxh6 17. Qxh6 cxd4 18. Ng5 1-0


[Site "https://www.chess.com"]

[Event "Titled Tuesday Blitz December 27 Late 2022"]
[White "Ankerst, Mihael"]
[Black "Ozdemir, Serhan Berat"]
[WhiteFideId "14602369"]
[BlackFideId "6374611"]
[WhiteElo "2370"]
[BlackElo "2223"]
[Result "1/2-1/2"]
[Round "03"]
[TimeControl "180+2"]
[Date "2022.12.27"]
[WhiteClock "0:00:17"]
[BlackClock "0:00:03"]

1. e4 c5 2. Nf3 e6 3. d4 cxd4 4. Nxd4 a6 5. c4 Nf6 6. Nc3 Bb4 7. Nc2 Bxc3+ 8. bxc3 d6 9. f3 O-O 10. Ba3 Ne8 11. e5 Qa5 12. exd6 Qxc3+ 13. Qd2 Qxd2+ 14. Kxd2 Bd7 15. c5 Bc6 16. Rb1 Nd7 17. Bc4 e5 18. Nb4 Nef6 19. Nxc6 bxc6 20. Rb7 Rfb8 21. Rhb1 Rxb7 22. Rxb7 Rb8 23. Bxa6 Ra8 24. Bb5 cxb5 25. c6 Rxa3 26. Rb8+ Nxb8 27. c7 Rxa2+ 28. Kc1 Nbd7 29. c8=Q+ Nf8 30. g4 Nd7 31. Qc6 Rxh2 32. Qxb5 Rf2 33. Qd5 Rh2 34. Kd1 h6 35. Ke1 Rg2 36. Kf1 Rb2 37. Qd3 Rb6 38. Ke2 Rb4 39. Ke3 Rd4 40. Qa3 g6 41. Qc5 Kg7 42. Qa3 Rd5 43. Kf2 Rd4 44. Kg3 Ne6 45. Qa6 Nec5 46. Qc6 Rd3 47. Kf2 Rd4 48. Ke2 g5 49. Ke3 Kf6 50. Ke2 Ke6 51. Qc8 Kxd6 52. Qh8 f6 53. Qxh6 Kd5 54. Qg6 Kc4 55. Qf5 Rd3 56. Kf2 Rd2+ 57. Ke3 Rd3+ 58. Ke2 Rd4 59. Qc2+ Kd5 60. Qf5 Kd6 61. Qg6 Ne6 62. Qf7 Nf4+ 63. Ke3 Rd3+ 64. Kf2 Rd2+ 65. Ke1 Re2+ 66. Kf1 Nc5 67. Qf8+ Kd5 68. Qd8+ Kc4 69. Qd6 Ncd3 70. Qxf6 Kd4 71. Qd6+ Ke3 72. Qb6+ Kxf3 73. Qc6+ e4 74. Kg1 Re1+ 75. Kh2 Re2+ 76. Kg1 Rg2+ 77. Kf1 Rf2+ 78. Kg1 Nh3+ 79. Kh1 Ndf4 80. Qc3+ e3 81. Qc6+ Kg3 82. Qg2+ Nxg2 1/2-1/2


[Site "https://www.chess.com"]

[Event "Titled Tuesday Blitz December 27 Late 2022"]
[White "Araujo Sanchez, Josue"]
[Black "Holt, Conrad"]
[WhiteFideId "6416896"]
[BlackFideId "2034387"]
[WhiteElo "2303"]
[BlackElo "2540"]
[Result "1-0"]
[Round "03"]
[TimeControl "180+2"]
[Date "2022.12.27"]
[WhiteClock "0:00:09"]
[BlackClock "0:00:03"]

1. e4 e6 2. d3 d5 3. Nd2 c5 4. Ngf3 Nc6 5. g3 Bd6 6. Bg2 Nge7 7. O-O O-O 8. Re1 Qc7 9. c3 Bd7 10. a3 a5 11. d4 cxd4 12. cxd4 Ng6 13. h4 Qb6 14. h5 Nge7 15. h6 g6 16. e5 Bb8 17. Nb3 Rc8 18. g4 Be8 19. Be3 a4 20. Nc5 Qxb2 21. Ng5 Nxe5 22. dxe5 Qxe5 23. Nf3 Qc7 24. Rc1 Nc6 25. Nxa4 Ba7 26. Nc5 e5 27. Qxd5 Rd8 28. Qe4 Qe7 29. g5 Bb8 30. Nh2 b6 31. Na4 Rd4 32. Bxd4 Rxa4 33. Rxc6 Bxc6 34. Qxc6 Rxd4 35. Qxb6 Ba7 36. Qb7 Rd7 37. Qa8+ Rd8 38. Qb7 Rd7 39. Qc8+ Rd8 40. Qg4 Qxa3 41. Nf1 Qc3 42. Rd1 Bxf2+ 43. Kxf2 Qc2+ 44. Rd2 Rxd2+ 45. Nxd2 Qxd2+ 46. Kg3 Qd3+ 47. Kh2 Qd8 48. Qf3 Kf8 49. Qf6 Qc7 50. Qh8+ Ke7 51. Qf6+ Ke8 52. Bc6+ Kf8 53. Qh8+ Ke7 54. Qf6+ Kf8 55. Kh3 Qc8+ 56. Kg2 Qg4+ 57. Kf2 Qd4+ 58. Ke2 Qc4+ 59. Kf3 Qd3+ 60. Kg4 Qd4+ 61. Kg3 Qd3+ 62. Bf3 Qe3 63. Qd8# 1-0


[Site "https://www.chess.com"]

[Event "Titled Tuesday Blitz December 27 Late 2022"]
[White "Ardila, Oscar Humberto"]
[Black "Sarkar, Justin"]
[WhiteFideId "4404742"]
[BlackFideId "2010011"]
[WhiteElo "1982"]
[BlackElo "2309"]
[Result "1-0"]
[Round "03"]
[TimeControl "180+2"]
[Date "2022.12.27"]
[WhiteClock "0:01:58"]
[BlackClock "0:00:01"]

1. d4 Nf6 2. c4 g6 3. Nf3 Bg7 4. e3 O-O 5. Be2 b6 6. O-O Bb7 7. Nc3 d5 8. b3 e6 9. Ba3 Re8 10. Ne5 Nfd7 11. f4 dxc4 12. bxc4 c5 13. Bf3 Qc8 14. Nb5 Bf8 15. d5 exd5 16. Bxd5 Nxe5 17. fxe5 Bxd5 18. Qxd5 Qd7 19. Qxa8 Nc6 20. e6 1-0


[Site "https://www.chess.com"]

[Event "Titled Tuesday Blitz December 27 Late 2022"]
[White "Arnold, Ken"]
[Black "Domingo Nunez, Ruben"]
[WhiteFideId "2056836"]
[BlackFideId "22245570"]
[WhiteElo "2355"]
[BlackElo "2416"]
[Result "1-0"]
[Round "03"]
[TimeControl "180+2"]
[Date "2022.12.27"]
[WhiteClock "0:00:19"]
[BlackClock "0:01:00"]

1. d4 g6 2. c4 Bg7 3. Nf3 d6 4. Nc3 Nd7 5. h3 e5 6. dxe5 dxe5 7. e3 c6 8. Be2 Ngf6 9. O-O O-O 10. b3 e4 11. Nd2 Nd5 12. cxd5 Bxc3 13. dxc6 Bxa1 14. cxd7 Bxd7 15. Ba3 Qa5 16. Bxf8 Rxf8 17. Nc4 Qxa2 18. Qxd7 Bg7 19. Bd1 Qa6 20. Qd5 Re8 21. Nd6 Re7 22. Nxe4 Qa2 23. Bf3 a5 24. Qd8+ Bf8 25. Nf6+ Kg7 26. Nd7 Rxd7 27. Qxd7 Qxb3 28. Qxb7 Qc3 29. Bd5 Qf6 30. Qb3 Bb4 31. g3 h5 32. h4 g5 33. hxg5 Qxg5 34. Bxf7 h4 35. Qd5 Qf6 36. Bh5 Bd6 37. Qd4 Be5 38. Qxh4 Qd6 39. Qg5+ Kh8 40. Qg6 Qe7 41. Qe8+ Qf8 42. Qxf8+ 1-0


[Site "https://www.chess.com"]